 Dungeon Crawl Stone Soup version bcrawl-1.17.3 (webtiles) character file.

Game seed: 17487110183693001581

329 Ethylacetat the Cudgeler (level 6, -7/47 HPs)
             Began as a Demonspawn Archaeologist on Oct 19, 2019.
             Mangled by Duvessa
             ... wielding a +0 short sword of flaming
              (9 damage)
             ... on level 4 of the Dungeon.
             The game lasted 00:08:33 (3358 turns).

Ethylacetat the Cudgeler (Demonspawn Archaeologist) Turns: 3358, Time: 00:08:34

Health: -7/47      AC: 11    Str: 11    XL:     6   Next: 25%
Magic:  6/6        EV: 11    Int: 15    God:
Gold:   199        SH:  0    Dex: 14    Spells: 5/5 levels left

rFire    + . .     SeeInvis .   a - +0 whip
rCold    . . .     Gourm    .   (no shield)
rNeg     . . .     Faith    .   t - +0 ring mail (curse)
rPois    .         Spirit   .   c - +1 hat
rElec    .         Reflect  .   (no cloak)
rCorr    .         Harm     .   (no gloves)
MR       +....     Rnd*Tele +   d - +1 pair of boots
Stlth    ++........             q - amulet of regeneration
HPRegen  0.55/turn              l - ring of protection from magic
MPRegen  0.10/turn              E - ring of teleportation (curse)

@: studying Maces & Flails
A: hooves 1, icy blue scales 2, fire resistance 1, flame cloud immunity
a: no special abilities


You were on level 4 of the Dungeon.
You were hungry.

You visited 1 branch of the dungeon, and saw 4 of its levels.

You collected 199 gold pieces.

Inventory:

Hand Weapons
 a - a +0 whip (weapon)
Armour
 b - a +1 robe
 c - a +1 hat (worn)
 d - a +1 pair of boots (worn)
 t - a cursed +0 ring mail (worn)
Jewellery
 l - a ring of protection from magic (left hand)
 m - an uncursed ring of resist corrosion
 q - an amulet of regeneration (around neck)
 A - an uncursed amulet of magic regeneration {unknown}
 E - a cursed ring of teleportation (right hand)
Wands
 x - a wand of random effects (10)
 y - a wand of paralysis (9)
 C - a wand of acid (9)
 D - a wand of flame (14)
Scrolls
 h - 5 scrolls of remove curse {unknown}
 k - 2 scrolls of identify {unknown}
 n - 3 scrolls of amnesia {unknown}
 s - a scroll of teleportation {unknown}
 u - a scroll of enchant armour {unknown}
 v - a scroll of fog {unknown}
 w - a scroll of magic mapping {unknown}
Potions
 i - a potion of heal wounds {unknown}
 j - a potion of agility {unknown}
 o - a potion of magic {unknown}
 p - 4 potions of curing {unknown}
 r - 2 potions of mutation {unknown}
 z - 2 potions of degeneration {unknown}
 B - a potion of haste {unknown}
Books
 e - a manual of Maces & Flails
Miscellaneous
 f - an ancient crate
Comestibles
 g - 9 rations {!d}


   Skills:
 + Level 3.6 Fighting
 * Level 6.4 Maces & Flails
 - Level 2.6 Dodging
 - Level 3.0 Stealth


You had 5 spell levels left.
You didn't know any spells.
Your spell library was empty.

Dungeon Overview and Level Annotations

Branches:
Dungeon (4/12)
 Temple: D:4-7

Altars:
Elyvilon

Annotations:
D:3 Eustachio
D:4 2 transporters, Duvessa; Susanna's ghost, amateur DsAc


Innate Abilities, Weirdness & Mutations

You have large cloven feet.
You are mostly covered in icy blue scales. (AC +3)
Your flesh is heat resistant. (rF+)
You are immune to clouds of flame.


Message History

* * * LOW HITPOINT WARNING * * *
You closely miss Duvessa. Duvessa closely misses you.
You completely miss Duvessa. Duvessa hits you but does no damage.
Duvessa misses you.
You hit Duvessa but do no damage. Duvessa hits you but does no damage.
You closely miss Duvessa.
Duvessa hits you with a +0 short sword of flaming.
* * * LOW HITPOINT WARNING * * *
Duvessa burns you.
* * * LOW HITPOINT WARNING * * *
You hit Duvessa but do no damage. Duvessa misses you.
You hit Duvessa but do no damage. Duvessa closely misses you.
You hit Duvessa but do no damage.
Duvessa hits you with a +0 short sword of flaming.
* * * LOW HITPOINT WARNING * * *
Duvessa burns you.
* * * LOW HITPOINT WARNING * * *
You closely miss Duvessa. Duvessa hits you but does no damage.
Duvessa hits you with a +0 short sword of flaming!
You die...

#....#..##.......#...5..
#.#.....####.#.#.#......
#..............#.#......
#.......####.###.#......
.............###.#####.#
##.................###..
#.###..#.#..#.#.....[.#
#.###..#.#..#.##......#
# #...@e...............
#.#..................
#....................
###.!....#..#...##..#
.......#..##..##.##
###.#......#.#######
#.#.#.#..#. .....W
....#...... .#..#O
....... ..##..


You could see Duvessa (berserk).

Vanquished Creatures
  Dowan (D:4)
  2 electric eels (D:4)
  A crimson imp (D:3)
  A hound (D:4)
  A worker ant (D:4)
  3 adders
  5 worms
  6 dart slugs
  3 leopard geckos
  5 orcs (D:4)
  2 ball pythons
  3 bats
  2 giant cockroaches
  2 goblins (D:1)
  8 hobgoblins
  5 jackals
  A quokka (D:4)
  A frilled lizard (D:1)
  3 kobolds
  3 rats
58 creatures vanquished.

Notes
Turn   | Place    | Note
-------+----------+-------------------------------------------
     0 | D:1      | Ethylacetat the Demonspawn Archaeologist began the quest
                  | for the Orb.
     0 | D:1      | Reached XP level 1. HP: 15/15 MP: 1/1
    18 | D:1      | Reached skill level 1 in Maces & Flails
   304 | D:1      | Gained mutation: You have large cloven feet. [demonic
                  | ancestry]
   304 | D:1      | Reached XP level 2. HP: 17/21 MP: 2/2
   503 | D:1      | Reached skill level 2 in Maces & Flails
   813 | D:1      | Gained mutation: You are partially covered in icy blue
                  | scales. (AC +2) [demonic ancestry]
   813 | D:1      | Reached XP level 3. HP: 27/27 MP: 3/3
   907 | D:2      | Found a white marble altar of Elyvilon.
  1028 | D:2      | Reached skill level 3 in Maces & Flails
  1630 | D:3      | Gained mutation: Your flesh is heat resistant. (rF+)
                  | [demonic ancestry]
  1630 | D:3      | Reached XP level 4. HP: 25/33 MP: 4/4
  2571 | D:4      | Found a transporter.
  2588 | D:4      | Found a transporter.
  2651 | D:4      | Reached skill level 4 in Maces & Flails
  2699 | D:4      | Gained mutation: You are immune to clouds of flame.
                  | [demonic ancestry]
  2699 | D:4      | Reached XP level 5. HP: 29/40 MP: 5/5
  2767 | D:4      | Reached skill level 5 in Maces & Flails
  2939 | D:4      | Noticed an ogre
  2939 | D:4      | Noticed Susanna's ghost (amateur DsAc)
  2939 | D:4      | Noticed an ogre
  2940 | D:4      | Identified the +8 great mace "Vul Lubait" {drain, +Blink
                  | rPois}
  2940 | D:4      | Noticed an ogre
  2960 | D:4      | Found a transporter.
  2963 | D:4      | Found a transporter.
  3033 | D:4      | Noticed Dowan
  3061 | D:4      | Noticed Eustachio
  3085 | D:4      | Killed Dowan
  3085 | D:4      | Reached skill level 6 in Maces & Flails
  3085 | D:4      | Gained mutation: You are mostly covered in icy blue scales.
                  | (AC +3) [demonic ancestry]
  3085 | D:4      | Reached XP level 6. HP: 27/47 MP: 6/6
  3311 | D:4      | Noticed Duvessa
  3357 | D:4      | HP: 2/47 [Duvessa/+0 short sword of flaming (1)]
  3358 | D:4      | Mangled by Duvessa

Skill      XL: |  1  2  3  4  5 |
---------------+----------------+-----
Maces & Flails | 1 2 3 4 6 |  6.4
Fighting       | 2 3 |  3.6
Dodging        | |  2.6
Stealth        | |  3.0

Action                   |  1- 3 |  4- 6 || total
-------------------------+-------+-------++-------
Melee: Whip              |   201 |   366 ||   567
       Unarmed           |       |    16 ||    16
Evoke: Wand              |       |     5 ||     5
 Stab: Sleeping          |     3 |     1 ||     4
  Eat: Chunk             |     3 |     5 ||     8
Armor: Robe              |    51 |       ||    51
       Ring mail         |    32 |   137 ||   169
       Skin              |       |     4 ||     4
Dodge: Dodged            |   128 |   201 ||   329
